 Dungeon Crawl Stone Soup version 0.28-a0-1038-g9c4cb8273d (webtiles) character file.

Game seed: 8303038634039897624

42 lonewolfV2 the Grave Robber (level 3, -3/26 HPs)
             Began as a Ghoul Necromancer on Nov 19, 2021.
             Slain by a lemure (5 damage)
             ... led by Pikel
             ... on level 5 of the Dungeon on Dec 8, 2021.
             The game lasted 00:13:20 (2915 turns).

lonewolfV2 the Grave Robber (Ghoul Necromancer)     Turns: 2915, Time: 00:13:21

Health: -3/26      AC:  9    Str: 13    XL:     3   Next: 54%
Magic:  5/5        EV: 11    Int: 10    God:
Gold:   55         SH:  0    Dex: 15    Spells: 1/6 levels left

rFire   . . .      SeeInvis .     - Unarmed
rCold   + + .      Faith    +   (no shield)
rNeg    + + +      Spirit   .   j - +4 ring mail {rC+}
rPois   ∞          Reflect  .   (no helmet)
rElec   .          Harm     .   (no cloak)
rCorr   +          Rampage  .   (no gloves)
Will    .....                   (no boots)
Stlth   +.........              h - amulet of faith
HPRegen 0.00/turn               c - ring of resist corrosion
MPRegen 0.09/turn               g - +6 ring of dexterity

@: inhibited regen
A: claws 1, cold resistance 1, negative energy resistance 3, inhibited
regeneration, torment resistance 2
a: no special abilities


You were on level 5 of the Dungeon.
You visited 1 branch of the dungeon, and saw 4 of its levels.

You collected 55 gold pieces.

Inventory:

Armour
 a - a +0 robe
 d - a +4 chain mail
 j - a +4 ring mail of cold resistance (worn)
Jewellery
 c - a ring of resist corrosion (left claw)
 g - a +6 ring of dexterity (right claw)
 h - an amulet of faith (around neck)
Scrolls
 b - a scroll of identify
 f - 2 scrolls of enchant weapon
Potions
 e - 2 potions of lignification
 i - a potion of heal wounds
 k - a potion of degeneration


   Skills:
 + Level 0.7 Armour
 + Level 2.0 Dodging
 + Level 2.2 Stealth
 + Level 1.3 Unarmed Combat
 + Level 2.0 Spellcasting
 + Level 4.4 Necromancy


You had one spell level left.
You knew the following spells:

 Your Spells              Type           Power      Damage    Failure   Level
a - Pain                  Necr           40%        1d6       11%         1
b - Animate Skeleton      Necr           20%        N/A       11%         1
c - Vampiric Draining     Necr           10%        2d6       30%         3

Your spell library contained the following spells:

 Spells                   Type           Power      Damage    Failure   Level
 Animate Dead             Necr           5%         N/A       71%         4
 Agony                    Necr           10%        N/A       96%         5


Dungeon Overview and Level Annotations

Branches:
Dungeon (3/15)

Altars:
Uskayaw

Annotations:
D:5 Pikel


Innate Abilities, Weirdness & Mutations

You thrive by killing the living.
You are immune to poison.
You have sharp fingernails.
Your flesh is cold resistant. (rC+)
You are immune to negative energy. (rN+++)
You do not regenerate when monsters are visible.
You are immune to unholy pain and torment.


Message History

Casting: Pain (safe; 11% risk of failure)
Confirm with . or Enter, or press ? or * to list all spells.
You can't see any susceptible monsters within range! (Use Z to cast anyway.) Unknown command.
Casting: Pain (safe; 11% risk of failure)
Confirm with . or Enter, or press ? or * to list all spells.
You can't see any susceptible monsters within range! (Use Z to cast anyway.)
Casting: Pain (safe; 11% risk of failure)
Confirm with . or Enter, or press ? or * to list all spells.
You can't see any susceptible monsters within range! (Use Z to cast anyway.)
You barely miss the lemure.
The lemure is almost dead.
The lemure closely misses you.
You barely miss the lemure.
The lemure is almost dead.
The lemure barely misses you. Why would you want to do that?
Casting: Pain (safe; 11% risk of failure)
Confirm with . or Enter, or press ? or * to list all spells.
You can't see any susceptible monsters within range! (Use Z to cast anyway.)
You scratch the lemure.
The lemure is almost dead.
The lemure hits you.
* * * LOW HITPOINT WARNING * * *
You scratch the lemure.
You kill the lemure!
That felt strangely unrewarding.
You scratch the lemure but do no damage.
You scratch the lemure but do no damage.
The lemure hits you but does no damage.
You scratch the lemure but do no damage.
The lemure barely misses you.
You scratch the lemure.
The lemure is lightly wounded.
The lemure hits you.
* * * LOW HITPOINT WARNING * * *
You closely miss the lemure.
The lemure is lightly wounded.
The lemure hits you.
You die...

... 5.
#.##.#
#....
#...
#K5
#5#
#l#
#5#
#@#
#.#
#.#
#.#
#.#
#.#
#.#
#.#
#.#


You could see Pikel, 3 lemures and an iguana.

Vanquished Creatures
  A lemure (D:5)
  An adder (D:2)
  A worm (D:2)
  3 bats (D:1)
  4 endoplasms
  2 giant cockroaches
  5 hobgoblins
  A quokka (D:1)
  2 ball pythons (D:1)
  A frilled lizard (D:2)
  3 goblins
  A kobold (D:2)
  2 rats
27 creatures vanquished.

Notes
Turn   | Place    | Note
-------+----------+-------------------------------------------
     0 | D:1      | lonewolfV2 the Ghoul Necromancer began the quest for the
                  | Orb.
     0 | D:1      | Reached XP level 1. HP: 14/14 MP: 2/2
     2 | D:1      | Learned a level 1 spell: Animate Skeleton
   172 | D:1      | Upgraded the game from 0.28-a0-863-g8cecda6153 to
                  | 0.28-a0-1038-g9c4cb8273d
   749 | D:1      | Found a faded altar of an unknown god.
   791 | D:1      | Reached XP level 2. HP: 14/20 MP: 3/3
  2093 | D:2      | Reached skill level 1 in Unarmed Combat
  2093 | D:2      | Reached XP level 3. HP: 16/26 MP: 2/4
  2763 | D:2      | Found a hide-covered altar of Uskayaw.
  2851 | D:2      | Learned a level 3 spell: Vampiric Draining
  2870 | D:3      | You fall into a shaft and drop 2 floors!
  2870 | D:5      | Entered Level 5 of the Dungeon
  2870 | D:5      | Noticed a lemure
  2871 | D:5      | Noticed a lemure
  2872 | D:5      | Noticed Pikel
  2872 | D:5      | Noticed a lemure
  2889 | D:5      | Noticed a lemure
  2910 | D:5      | Killed a lemure
  2915 | D:5      | Slain by a lemure

Illustrated notes

Levels and vault maps discovered:
D:1:      sevenhm_arrival_forest_fort_small_4, layout_basic,
          shapermc_ecumenical_altar_acropolis
D:2:      layout_rooms, basic_altar
D:3:      layout_loops_cross, minmay_misc_feat_tower
D:5:      minmay_razor_zed, layout_basic, uniq_edmund, uniq_pikel

Skill      XL: |  1  2  3 |
---------------+----------+-----
Dodging        | 2 |  2.0
Unarmed Combat | 1 |  1.3
Spellcasting   | 2 |  2.0
Armour         | |  0.7
Stealth        | |  2.2
Necromancy     | |  4.4

Action                   || total
-------------------------++-------
Melee: Unarmed           ||   170
 Cast: Pain              ||     8
       Animate Skeleton  ||     2
  Use: Scroll            ||     5
       Potion            ||     1
Armor: Chain mail        ||   112
       Robe              ||     8
       Ring mail         ||    35
Dodge: Dodged            ||    91

Table legend: (Time is in decaauts)
 A = Elapsed time spent in this place.
 B = Non-inter-level travel time spent in this place.
 C = Inter-level travel time spent in this place.
 D = Time resting spent in this place.
 E = Time spent auto-exploring this place.
 F = Levels seen in this place.
 G = Mean time per level.
                   A        B        C        D        E       F      G
               +--------+--------+--------+--------+--------+-----+--------+
         Total |   2911 |   2876 |     35 |    708 |   1530 |   4 |  727.8 |
       Dungeon |   2911 |   2876 |     35 |    708 |   1530 |   4 |  727.8 |
               +--------+--------+--------+--------+--------+-----+--------+

Top non-repeatable levels by time:
     D:1: 1608 daAuts
     D:2: 1258 daAuts
     D:5: 43 daAuts
